 Dungeon Crawl Stone Soup version 0.24-a0-264-gf46a388 (webtiles) character file.

Game seed: 16352351871947911837

2040 MatthieuS the Archer (level 9, -3/64 HPs)
             Began as a Centaur Artificer on Apr 20, 2019.
             Was a Believer of Okawaru.
             Slain by an iguana (11 damage)
             ... on level 7 of the Dungeon.
             The game lasted 00:18:07 (8802 turns).

MatthieuS the Archer (Centaur Artificer)            Turns: 8802, Time: 00:18:08

Health: -3/64      AC:  9    Str: 19    XL:     9   Next: 4%
Magic:  14/14      EV:  8    Int: 10    God:    Okawaru [**....]
Gold:   342        SH:  0    Dex:  9    Spells: 8/8 levels left

rFire    . . .     SeeInvis .   a - +7 club
rCold    + + .     Gourm    .   (no shield)
rNeg     . . .     Faith    .   q - +3 ring mail {rC+}
rPois    +         Spirit   .   g - +0 helmet
rElec    .         Reflect  .   (no cloak)
rCorr    .         Harm     .   (no gloves)
MR       .....                  (no barding)
Stlth    ..........             y - amulet of magic regeneration
HPRegen  0.20/turn              E - ring of poison resistance
MPRegen  0.39/turn              c - ring of protection from cold

@: very quick
A: large, hooves 3, deformed body, speed 2, tough skin 3
a: Heroism, Renounce Religion


You were on level 7 of the Dungeon.
You worshipped Okawaru.
Okawaru was pleased with you.
You were not hungry.

You visited 1 branch of the dungeon, and saw 7 of its levels.

You collected 342 gold pieces.

Inventory:

Hand Weapons
 a - a +7 club (weapon)
   (You took it off Robin on level 2 of the Dungeon)
 w - a +0 longbow
   (You found it on level 4 of the Dungeon)
Missiles
 C - 73 arrows
Armour
 g - a +0 helmet (worn)
   (You took it off Robin on level 2 of the Dungeon)
 q - a +3 ring mail of cold resistance (worn)
   (You took it off Terence on level 3 of the Dungeon)
Jewellery
 c - a ring of protection from cold (right hand)
   (You found it on level 5 of the Dungeon)
 y - an amulet of magic regeneration (around neck)
   (You found it on level 6 of the Dungeon)
 E - a ring of poison resistance (left hand)
   (You found it on level 5 of the Dungeon)
Wands
 d - a wand of enslavement (14)
 f - a wand of random effects (13)
 t - a wand of flame (15)
 v - a wand of digging (3)
   (You found it on level 4 of the Dungeon)
Scrolls
 h - 3 scrolls of remove curse {@r2}
 i - 10 scrolls of identify {unknown}
 m - 4 scrolls of teleportation {unknown}
 o - a scroll of immolation {unknown}
 r - a scroll of random uselessness {unknown}
 s - 2 scrolls of fog {unknown}
 u - a scroll of blinking {unknown}
 x - 2 scrolls of enchant weapon {unknown}
 D - a scroll of amnesia {unknown}
Potions
 b - a potion of lignification {unknown}
 j - a potion of resistance {unknown}
 k - 3 potions of berserk rage
 l - a potion of heal wounds {unknown}
 n - a potion of magic {unknown}
 p - 3 potions of cancellation {unknown}
 z - a potion of haste {unknown}
 A - 2 potions of degeneration {unknown}
 B - a potion of agility {unknown}
 F - a potion of ambrosia {unknown}
Comestibles
 e - 13 rations


   Skills:
 - Level 1.0 Fighting
   Level 0.8 Short Blades
 - Level 2.4 Maces & Flails
 * Level 8.4 Bows
 - Level 1.3 Dodging
 - Level 0.4 Stealth
 + Level 5.8 Invocations
 + Level 7.5 Evocations


You had 8 spell levels left.
You didn't know any spells.
Your spell library was empty.

Dungeon Overview and Level Annotations

Branches:
Dungeon (7/15)             Temple (0/1) D:4

Altars:
Fedhas
Gozag
Okawaru
Wu Jian
Xom

Shops:
D:4 [

Annotations:
D:2 1 runed translucent door, Crazy Yiuf


Innate Abilities, Weirdness & Mutations

You have hooves in place of feet.
Armour fits poorly on your strangely shaped body.
You cover ground very quickly.
You have extremely tough skin. (AC +3)


Message History

The hungry ghost hits you.
You feel a lot more hungry.
You closely miss the hungry ghost. The hungry ghost hits you.
You feel a lot more hungry.
Your ring mail prevents you from hitting the hungry ghost.
Your kick misses the hungry ghost. The hungry ghost barely misses you.
You thump the hungry ghost! Your kick misses the hungry ghost.
The hungry ghost hits you.
You are feeling hungry.
You thump the hungry ghost! The hungry ghost closely misses you.
You hit the hungry ghost.
You destroy the hungry ghost!
Okawaru accepts your kill. The ogre hits you but does no damage.
You thump the ogre! Your kick misses the ogre.
You are feeling very hungry.
You hit the ogre. The ogre hits you with a +0 giant club.
You hit the ogre. You kick the ogre, but do no damage.
The ogre hits you with a +0 giant club.
You hit the ogre.
The ogre hits you with a +0 giant club!!
* * * LOW HITPOINT WARNING * * *
You hear an angry hiss.
You hit the ogre.
You kill the ogre!
Okawaru accepts your kill.
Your life force feels restored.
You have reached level 9!
Your experience leads to an increase in your attributes!
Increase (S)trength, (I)ntelligence, or (D)exterity?
You feel stronger.
You sock the orc!
You kill the orc!
Okawaru accepts your kill.
An iguana comes into view.
The iguana bites you.
* * * LOW HITPOINT WARNING * * *
You hit the iguana. The iguana bites you!
* * * LOW HITPOINT WARNING * * *
You eat one of the 14 rations.
That ration really hit the spot!
The iguana bites you.
* * * LOW HITPOINT WARNING * * *
You hit the iguana.
The iguana bites you but does no damage.
Unknown command.
You hit the iguana but do no damage. The iguana barely misses you.
Unknown command.
You hit the iguana. The iguana bites you!
* * * LOW HITPOINT WARNING * * *
You closely miss the iguana. Your kick misses the iguana. The iguana bites you!
You die...

#...[ #...# #. #...###
### #.######## #.>...
..# #........####...#
#.# .##.....#........#
#.### ...........).....#
#)#.. #.....#........#
#.#.#
#.....#@##.#...#####.#.#
#....l.##.#............
##$######.#...#.##.#..#
# #.#...#.##.....
#.......####<.#
####.##.####..#
#..............
##.#####.#######
######.....##.##...#


You could see an iguana.

Vanquished Creatures
  A hungry ghost (D:7)
  Menkaure (D:6)
  A steam dragon (D:5)
  A necrophage (D:6)
  An orc warrior (D:6)
  A sky beast (D:6)
  3 ogres
  2 centaurs
  Blork the orc (D:6)
  2 scorpions
  A jelly (D:6)
  A centaur skeleton (D:5)
  2 orc priests
  2 hounds
  7 orc wizards
  Jessica (D:2)
  6 worker ants
  Terence (D:3)
  A hound skeleton (D:5)
  Robin (D:2)
  10 adders
  An ooze (D:2)
  2 adder skeletons
  4 worms (D:2)
  A dart slug (D:1)
  8 leopard geckos
  25 orcs
  5 giant cockroaches
  9 goblins
  6 hobgoblins
  4 jackals (D:3)
  5 kobolds
  3 quokkas
  A ball python (D:4)
  8 bats
  3 frilled lizards
  A jackal skeleton (D:4)
  A jackal zombie (D:7)
  4 rats
138 creatures vanquished.

Notes
Turn   | Place    | Note
-------+----------+-------------------------------------------
     0 | D:1      | MatthieuS the Centaur Artificer began the quest for the
                  | Orb.
     0 | D:1      | Reached XP level 1. HP: 16/16 MP: 2/2
   112 | D:1      | Reached XP level 2. HP: 23/23 MP: 4/4
   829 | D:2      | Found a runed translucent door.
   830 | D:2      | Noticed Crazy Yiuf
   872 | D:2      | Noticed Jessica
   880 | D:2      | Killed Jessica
   880 | D:2      | Reached XP level 3. HP: 22/28 MP: 4/6
  1049 | D:2      | Found a blossoming altar of Fedhas.
  1051 | D:2      | Found an ornate altar of the Wu Jian Council.
  1051 | D:2      | Found a shimmering altar of Xom.
  1590 | D:2      | Reached XP level 4. HP: 21/35 MP: 7/7
  1985 | D:2      | Noticed Robin
  2333 | D:2      | Killed Robin
  2573 | D:2      | Found a faded altar of an unknown god.
  2714 | D:3      | Noticed Terence
  2733 | D:3      | Reached skill level 5 in Evocations
  2740 | D:3      | Killed Terence
  2981 | D:3      | Reached XP level 5. HP: 40/40 MP: 8/8
  3300 | D:3      | Found an iron altar of Okawaru.
  3308 | D:3      | Became a worshipper of Warmaster Okawaru
  3707 | D:3      | Reached skill level 1 in Invocations
  3966 | D:4      | Reached skill level 1 in Maces & Flails
  4067 | D:4      | Found a staircase to the Ecumenical Temple.
  4108 | D:4      | Reached XP level 6. HP: 46/47 MP: 10/10
  5051 | D:4      | Reached XP level 7. HP: 37/52 MP: 11/11
  5056 | D:4      | Found Qurrixta's Antique Armour Shoppe.
  5346 | D:4      | Reached skill level 1 in Bows
  5498 | D:5      | Entered Level 5 of the Dungeon
  5503 | D:5      | Reached * piety under Okawaru
  5503 | D:5      | Reached skill level 2 in Bows
  5711 | D:5      | Reached skill level 3 in Bows
  6270 | D:6      | Reached skill level 4 in Bows
  6271 | D:6      | Noticed Menkaure
  6276 | D:6      | Noticed a steam dragon
  6282 | D:6      | Killed Menkaure
  6282 | D:6      | Reached XP level 8. HP: 11/59 MP: 11/13
  6543 | D:6      | Reached ** piety under Okawaru
  6543 | D:6      | Reached skill level 5 in Bows
  6996 | D:6      | Reached skill level 6 in Bows
  7395 | D:6      | Reached skill level 5 in Invocations
  7400 | D:6      | Noticed Blork the orc
  7471 | D:6      | Killed Blork the orc
  7471 | D:6      | Reached skill level 7 in Bows
  8391 | D:7      | Found an opulent altar of Gozag.
  8688 | D:7      | Reached skill level 8 in Bows
  8795 | D:7      | Reached XP level 9. HP: 30/64 MP: 14/14
  8802 | D:7      | Slain by an iguana

Levels and vault maps discovered:
D:1:      dpeg_arrival_arbitrary_c, layout_loops_ring
D:2:      layout_loops_ring, grunt_temple_overflow_diamond,
          chequers_ecumenical_altar_twisty, uniq_robin, uniq_crazy_yiuf_cottage,
          uniq_jessica
D:3:      layout_basic, lemuel_coloured_pillars_altar,
          minmay_large_rounded_square, grunt_ministairs_14, uniq_terence
D:4:      minmay_opposing_rooms, layout_basic, temple_pool_b, serial_shops,
          shop, minmay_fractal_squares_5
D:5:      layout_basic, first_ration, chequers_jeans
D:6:      layout_basic, uniq_blork_the_orc, uniq_menkaure
D:7:      layout_loops_cross, grunt_ogre_cave, grunt_gozag_statues

Skill      XL: |  1  2  3  4  5  6  7  8 |
---------------+-------------------------+-----
Evocations     | 3 4 5 6 7 |  7.5
Invocations    | 1 3 4 5 |  5.8
Maces & Flails | 1 2 |  2.4
Bows           | 4 8 |  8.4
Fighting       | |  1.0
Short Blades   | |  0.8
Dodging        | |  1.3
Stealth        | |  0.4

Action                   |  1- 3 |  4- 6 |  7- 9 || total
-------------------------+-------+-------+-------++-------
Melee: Short sword       |    84 |    65 |       ||   149
       Kick              |    10 |    45 |    28 ||    83
       Club              |       |   166 |   147 ||   313
 Fire: Longbow           |       |       |    53 ||    53
Evoke: Wand              |       |     2 |     1 ||     3
  Use: Scroll            |       |     1 |     1 ||     2
       Potion            |       |       |     1 ||     1
  Eat: Chunk             |     1 |     7 |     5 ||    13
       Ration            |       |     1 |     4 ||     5
Armor: Leather armour    |    21 |    20 |       ||    41
       Ring mail         |       |    95 |    82 ||   177
Dodge: Dodged            |    33 |   102 |    56 ||   191

Table legend:
 A = Non-vault XP
 B = Vault XP
 C = Vault XP percentage of total XP
 D = Non-vault monster count
 E = Vault monster count
 F = Vault count percentage of total count
                 A         B        C        D         E       F
            +---------+---------+-------+---------+---------+-------
      Total |    2480 |     435 |  14.9 |     115 |      23 |  16.7
            +---------+---------+-------+---------+---------+-------
        D:1 |      26 |       0 |   0.0 |      14 |       0 |   0.0
        D:2 |      48 |      69 |  59.0 |      18 |      10 |  35.7
        D:3 |     120 |      41 |  25.5 |      16 |       6 |  27.3
        D:4 |     447 |      53 |  10.6 |      27 |       5 |  15.6
        D:5 |     515 |       0 |   0.0 |      10 |       0 |   0.0
        D:6 |     788 |     272 |  25.7 |      20 |       2 |   9.1
        D:7 |     536 |       0 |   0.0 |      10 |       0 |   0.0
            +---------+---------+-------+---------+---------+-------
